 Dungeon Crawl Stone Soup version 0.27-a0-1591-gc56fcc985a (webtiles) character file.

Game seed: 13299667421370734667

102055 siradein the Thaumaturge (level 16, -1/120 HPs)
             Began as a Djinni Fire Elementalist on July 19, 2021.
             Was the Champion of Makhleb.
             Slain by an eleionoma (5 damage)
             ... on level 2 of the Swamp on July 20, 2021.
             The game lasted 02:08:44 (23850 turns).

siradein the Thaumaturge (DjFE)                    Turns: 23850, Time: 02:08:44

Health: -1/120     AC:  9    Str:  7    XL:     16   Next: 84%
Gold:   1720       EV: 18    Int: 26    God:    Makhleb [******] SH:  5 Dex: 15

rFire    + + .     SeeInvis .   x - +1 mace of Deformation {flame, rPois rN+}
rCold    . . .     Faith    .   (no shield)
rNeg     + . .     Spirit   .   t - +1 troll leather armour
rPois    ∞         Reflect  +   F - +2 helmet {Int+3}
rElec    .         Harm     .   z - scarf {repulsion}
rCorr    .         Rampage  .   b - +0 pair of gloves
Will     ++...                  (boots unavailable)
Stlth    ++........             A - amulet of reflection
HPRegen  1.30/turn              J - ring of willpower
MPRegen  0.00/turn              l - ring of protection from cold

@: flying, repel missiles
A: sickness immunity, fire resistance 2, cold vulnerability 1, float, innate
caster, hp casting, extra vitality 1
a: Renounce Religion, Minor Destruction, Lesser Servant of Makhleb, Major
Destruction, Greater Servant of Makhleb


You were on level 2 of the Swamp.
You worshipped Makhleb.
Makhleb was exalted by your worship.
You visited 5 branches of the dungeon, and saw 26 of its levels.
You also visited: Sewer and Bailey.

You collected 2735 gold pieces.
You spent 1015 gold pieces at shops.

Inventory:

Hand Weapons
 x - the +1 mace of Deformation (weapon) {flame, rPois rN+}
   (You found it on level 9 of the Dungeon)

   It burns those it strikes, dealing additional fire damage.
   rPois:     It protects you from poison.
   rN:        It protects you from negative energy.
 E - the +8 frozen axe "Frostbite" {freezing cloud, *Noise Fly rC+}
   (You found it on level 11 of the Dungeon)

   It freezes those it strikes, dealing additional cold damage.
   It can also slow down cold-blooded creatures.
   It occasionally leaves clouds of freezing vapour upon striking a foe.
   It grants immunity to clouds of freezing vapour.
   rC:        It protects you from cold.
   Fly:       It grants you flight.
   *Noise:    It may make noises in combat.
Missiles
 e - 8 throwing nets
 f - 4 boomerangs of dispersal
 v - 10 curare-tipped darts
Armour
 b - a +0 pair of gloves (worn)
 t - a +1 troll leather armour (worn)
 z - a scarf of repulsion (worn)
 F - a +2 helmet of intelligence (worn)
Magical Staves
 C - a staff of death
 R - a staff of earth
Jewellery
 l - a ring of protection from cold (right hand)
 w - a ring of wizardry
 A - an amulet of reflection (around neck)
 G - an amulet of faith
 I - a +4 ring of protection
 J - a ring of willpower (left hand)
 U - a +4 ring of protection
 W - a ring of protection from cold
Wands
 g - a wand of iceblast (50)
 n - a wand of flame (36)
 q - a wand of acid (12)
 r - a wand of polymorph (14)
 s - a wand of paralysis (31)
 M - a wand of digging (8)
 T - a wand of charming (23)
Scrolls
 a - 2 scrolls of silence
 c - 2 scrolls of acquirement
 d - 10 scrolls of teleportation
 h - 5 scrolls of enchant weapon
 o - 2 scrolls of fog
 D - 2 scrolls of brand weapon
 H - a scroll of fear
 K - 2 scrolls of identify
 N - a scroll of immolation
 O - 5 scrolls of blinking
 P - a scroll of holy word
Potions
 i - 4 potions of mutation
 j - 5 potions of curing
 k - 6 potions of brilliance
 m - 4 potions of heal wounds
 p - 2 potions of berserk rage
 u - 5 potions of haste
 B - a potion of resistance
 L - a potion of cancellation
 Q - a potion of might
 S - a potion of ambrosia
 X - a potion of magic
Miscellaneous
 y - a condenser vane


   Skills:
 + Level 12.5 Fighting
 + Level 13.7 Dodging
 - Level 1.5 Stealth
 + Level 14.4 Spellcasting
 + Level 12.6 Evocations


You had 2 spell levels left.
You knew the following spells:

 Your Spells              Type           Power      Damage    Failure   Level
a - Foxfire               Conj/Fire      100%       2x1d9     0%          1
b - Conjure Flame         Conj/Fire      76%        6-21      1%          3
c - Inner Flame           Hex/Fire       76%        N/A       1%          3
d - Sticky Flame          Conj/Fire      76%        2d9       1%          4
e - Fireball              Conj/Fire      38%        3d16      1%          5
f - Sandblast             Erth           100%       2d20      0%          1
g - Static Discharge      Conj/Air       76%        N/A       1%          2
h - Teleport Other        Tloc           76%        N/A       1%          3
i - Dispel Undead         Necr           76%        3d25      1%          4
j - Fulminant Prism       Conj/Hex       38%        3d18      1%          4
k - Lightning Bolt        Conj/Air       38%        1d56      1%          5
l - Conjure Ball Lightni  Conj/Air       38%        3x3d12    1%          6
Your spell library was empty.

Dungeon Overview and Level Annotations

Branches:
Dungeon (15/15)            Temple (1/1) D:6            Lair (6/6) D:11
  Swamp (2/4) Lair:3       Spider (0/4) Lair:4        Slime (0/5) Lair:5
    Orc (2/2) D:11            Elf (0/3) Orc:2        Vaults (0/5) D:14
 Depths (0/5) D:15          Sewer (visited)          Bailey (visited)

Altars:
Ashenzari
Cheibriados
Dithmenos
Elyvilon
Fedhas
Gozag
Hepliaklqana
Kikubaaqudgha
Makhleb
Nemelex Xobeh
Qazlal
Sif Muna
Vehumet
Wu Jian
Xom
Yredelemnul

Shops:
Orc:1 (   Orc:2 *=(*[


Innate Abilities, Weirdness & Mutations

You are immune to sickness and miasma.
You are immune to poison.
Your flesh is very heat resistant. (rF++)
You are vulnerable to cold. (rC-)
You float through the air rather than walking.
You learn spells naturally, not from books.
Your magical power is your life essence.
You have superior vitality. (+4 HP)


Message History

Confirm with . or Enter, or press ? or * to list all spells.
Aiming: Fireball (mildly dangerous; 1% risk of failure)
Press: ? - help, Shift-Dir - straight line, f/p - eleionoma
Aim: an eleionoma The fireball explodes!
The fireball engulfs the eleionoma!!
The eleionoma is moderately wounded.
You smell burning wood.
The bunyip gives a hideous shriek!
The eleionoma hurls a spray of splinters at you.
The spray of wooden splinters misses you.
Casting: Fireball (mildly dangerous; 1% risk of failure)
Confirm with . or Enter, or press ? or * to list all spells.
Aiming: Fireball (mildly dangerous; 1% risk of failure)
Press: ? - help, Shift-Dir - straight line, f/p - eleionoma
Aim: an eleionoma (moderately wounded)
The fireball explodes!
The fireball engulfs the eleionoma!
The eleionoma is heavily wounded.
Casting: Fireball (mildly dangerous; 1% risk of failure)
Confirm with . or Enter, or press ? or * to list all spells.
Aiming: Fireball (mildly dangerous; 1% risk of failure)
Press: ? - help, Shift-Dir - straight line, f/p - eleionoma
Aim: an eleionoma (heavily wounded)
The fireball explodes!
The fireball engulfs the eleionoma!
The eleionoma is severely wounded.
Unknown command.
Casting: Fireball (mildly dangerous; 1% risk of failure)
Confirm with . or Enter, or press ? or * to list all spells.
Aiming: Lightning Bolt (mildly dangerous; 1% risk of failure)
Press: ? - help, Shift-Dir - straight line, f/p - eleionoma
Aim: an eleionoma (severely wounded, 64% to hit)
You hear a mighty clap of thunder!
The bolt of lightning misses the eleionoma.
The mangrove smoulders and burns.
You hear a roar!
You hear a shout!
The bunyip claws you. The bunyip claws you!! x2
The eleionoma hurls a spray of splinters at you.
The spray of wooden splinters hits you!!!
* * * LOW HITPOINT WARNING * * *
The eleionoma hits you.
You die...

♣♣ ♣♣.≈≈...≈≈≈ ♣♣..
♣≈≈≈.≈.≈≈≈..
..≈≈≈♣.≈≈≈♣≈...≈♣
.≈≈≈≈≈≈≈.≈.♣♣♣♣♣§♣♣♣
≈§≈≈≈≈.♣.........§≈♣
≈≈≈≈≈.≈♣♣........§.
≈≈.....≈..#####..#
...♣(.....#.(#..R#
♣♣♣.......#....@.#
♣♣..♣.......###x...♣
♣♣♣♣♣..#...# ....♣
♣..#...÷.......(.
♣..#...#..#..≈≈..
♣..####.#+#..≈..≈
♣♣.. ... .≈.≈.. ♣..
.......≈.≈ ... ..


You could see a bunyip and an eleionoma.

Vanquished Creatures
  Jorgrun (D:12)
  An orc warlord (Orc:2)
  An ironbound preserver (D:14)
  A stone giant (D:15)
  Nessos (D:12)
  2 bunyips (Swamp:1)
  An eleionoma (Swamp:1)
  Snorg (D:12)
  3 boulder beetles
  4 hydras
  8 centaur warriors
  Erica (Orc:1)
  4 catoblepae
  A death knight (D:14)
  5 death yaks (Lair:6)
  2 tengu warriors (D:15)
  An alligator (Swamp:1)
  6 two-headed ogres
  A spriggan berserker (Swamp:1)
  4 orc high priests (Orc:2)
  Sonja (Lair:6)
  A skeletal warrior (D:14)
  A swamp dragon (shapeshifter) (D:15)
  A swamp dragon (Swamp:2)
  4 bog bodies
  2 wizards (D:14)
  2 deep elf pyromancers
  A phantasmal warrior (D:14)
  6 orc knights
  An oklob plant (Lair:6)
  3 orc sorcerers
  A necromancer (Lair:3)
  4 manticores
  7 cyclopes
  14 ugly things
  8 elephants
  2 black mambas
  3 gargoyles (D:14)
  11 cane toads
  A torpor snail (Lair:6)
  5 komodo dragons
  3 freezing wraiths
  An unseen horror (D:13)
  A kobold demonologist (D:10)
  5 rime drakes
  2 tengu conjurers (D:14)
  2 efreet
  6 trolls
  2 polar bears (Lair:5)
  A wind drake (shapeshifter) (D:15)
  3 hornets
  5 tyrant leeches
  20 blink frogs
  A centaur simulacrum (D:14)
  2 wraiths
  10 spriggans
  5 wyverns
  2 vampires
  47 yaks
  2 shadows (D:11)
  4 vampire mosquitoes
  2 basilisks (D:15)
  A golden eye (shapeshifter) (D:14)
  A steam dragon (Lair:3)
  6 wargs (Orc:2)
  3 swamp worms
  An acid dragon (D:13)
  23 water moccasins
  27 orc warriors
  2 ice beasts (D:12)
  A sky beast (D:6)
  2 black bears
  3 necrophages
  9 ogres
  10 wolves
  15 centaurs
  A phantom (D:7)
  2 kobold brigands (D:9)
  11 bullfrogs
  3 scorpions
  10 gnoll sergeants
  A water moccasin zombie (D:5)
  A wyvern skeleton (D:6)
  A water moccasin skeleton (D:6)
  11 killer bees
  10 wights
  6 howler monkeys
  2 bullfrog zombies
  7 centaur zombies
  7 hounds
  A jelly (D:6)
  15 orc priests
  4 bullfrog skeletons
  8 gnoll shamans
  3 centaur skeletons (D:6)
  5 iguanas
  16 orc wizards
  2 yak simulacra (Lair:3)
  3 hell rats (Lair:5)
  2 polar bear simulacra (Lair:3)
  4 wolf simulacra (Lair:3)
  A hound skeleton (D:4)
  4 howler monkey zombies
  27 gnolls
  6 adders
  6 river rats
  3 white imps
  2 ufetubi (D:6)
  An adder skeleton (D:4)
  3 worms
  The ghost of DocClef the Covert, a weakling GnDe (D:4)
  3 dart slugs
  39 orcs
  6 ball pythons
  8 endoplasms
  4 giant cockroaches
  11 goblins
  8 hobgoblins
  4 jackals (D:1)
  31 kobolds
  A quokka (D:1)
  8 bats
  6 frilled lizards
  6 rats
  3 river rat simulacra (Lair:3)
  A butterfly (Lair:6)
687 creatures vanquished.

Vanquished Creatures (others)
  442 foxfires
  9 fulminant prisms
  53 fungi
  33 plants
537 creatures vanquished.

Grand Total: 1224 creatures vanquished

Notes
Turn   | Place    | Note
-------+----------+-------------------------------------------
     0 | D:1      | siradein the Djinni Fire Elementalist began the quest for
                  | the Orb.
     0 | D:1      | Reached XP level 1. HP: 15/15 MP: 0/0
   212 | D:1      | Reached XP level 2. HP: 20/21 MP: 0/0
   351 | D:1      | Reached skill level 3 in Spellcasting
   408 | D:1      | Reached XP level 3. HP: 16/25 MP: 0/0
   408 | D:1      | Learned a level 1 spell: Sandblast
   526 | D:1      | Found a faded altar of an unknown god.
  1325 | D:2      | Noticed an ogre
  1511 | D:2      | Killed an ogre
  1512 | D:2      | Reached skill level 4 in Spellcasting
  1512 | D:2      | Reached XP level 4. HP: 24/31 MP: 0/0
  1512 | D:2      | Reached XP level 5. HP: 28/35 MP: 0/0
  1512 | D:2      | Learned a level 2 spell: Static Discharge
  2116 | D:3      | Reached XP level 6. HP: 12/40 MP: 0/0
  3063 | D:3      | Reached skill level 5 in Spellcasting
  4107 | D:4      | Noticed a yak
  4109 | D:4      | Noticed a yak
  4109 | D:4      | Noticed a yak
  4110 | D:4      | Noticed a yak
  4111 | D:4      | Noticed a yak
  4112 | D:4      | Noticed a yak
  4132 | D:4      | Killed a yak
  4132 | D:4      | Killed a yak
  4133 | D:4      | Reached skill level 6 in Spellcasting
  4133 | D:4      | Reached XP level 7. HP: 19/45 MP: 0/0
  4133 | D:4      | Learned a level 3 spell: Teleport Other
  4136 | D:4      | Killed a yak
  4136 | D:4      | Killed a yak
  4137 | D:4      | Reached skill level 7 in Spellcasting
  4137 | D:4      | Reached XP level 8. HP: 17/50 MP: 0/0
  4143 | D:4      | Killed a yak
  4149 | D:4      | Killed a yak
  4485 | D:4      | Reached skill level 8 in Spellcasting
  4932 | D:4      | You are sucked into a shaft and drop 2 floors!
  4950 | D:6      | Found a staircase to the Ecumenical Temple.
  4973 | Temple   | Entered the Ecumenical Temple
  5068 | Temple   | Became a worshipper of Makhleb the Destroyer
  5169 | D:6      | Reached XP level 9. HP: 24/55 MP: 0/0
  5169 | D:6      | Learned a level 4 spell: Dispel Undead
  5365 | D:5      | Entered Level 5 of the Dungeon
  5477 | D:5      | Found a glowing drain.
  5713 | Sewer    | Entered a sewer
  5764 | Sewer    | Reached skill level 9 in Spellcasting
  6014 | D:4      | Noticed DocClef's ghost (weakling GnDe)
  6018 | D:4      | Found a runed translucent gate.
  6018 | D:4      | Found a runed translucent gate.
  6018 | D:4      | Found a runed translucent gate.
  6047 | D:4      | Killed DocClef's ghost
  6484 | D:5      | Reached * piety under Makhleb
  7073 | D:6      | Noticed a troll
  7081 | D:6      | Killed a troll
  7173 | D:6      | Reached skill level 10 in Spellcasting
  7283 | D:6      | Reached XP level 10. HP: 60/60 MP: 0/0
  8027 | D:6      | Reached skill level 11 in Spellcasting
  8057 | D:6      | Reached ** piety under Makhleb
  8150 | D:6      | Noticed a cyclops
  8156 | D:6      | Killed a cyclops
  8498 | D:7      | Found a stormy altar of Qazlal.
  8580 | D:7      | Reached skill level 1 in Fighting
  8585 | D:7      | Reached skill level 1 in Evocations
  8988 | D:8      | Noticed a two-headed ogre
  8998 | D:8      | Killed a two-headed ogre
  8999 | D:8      | Reached XP level 11. HP: 51/70 MP: 0/0
  8999 | D:8      | Learned a level 4 spell: Fulminant Prism
  9035 | D:8      | Found a flagged portal.
  9042 | Bailey   | Entered a bailey
  9053 | Bailey   | Reached *** piety under Makhleb
  9182 | Bailey   | Identified the +7 triple crossbow of the Vulture {elec,
                  | rElec Int+4 Stlth-} (You took it off a gnoll sergeant in a
                  | bailey)
 10264 | D:8      | Identified 2 scrolls of acquirement
 10301 | D:9      | Upgraded the game from 0.27-a0-1590-g15f69828bf to
                  | 0.27-a0-1591-gc56fcc985a
 10351 | D:9      | Reached skill level 5 in Dodging
 10414 | D:9      | Identified the +1 mace of Deformation {flame, rPois rN+}
 10499 | D:9      | Reached **** piety under Makhleb
 11121 | D:10     | Entered Level 10 of the Dungeon
 11141 | D:10     | Noticed a two-headed ogre
 11150 | D:10     | Killed a two-headed ogre
 11221 | D:10     | Reached skill level 5 in Evocations
 11465 | D:10     | Reached skill level 5 in Fighting
 11472 | D:10     | Reached ***** piety under Makhleb
 11476 | D:10     | Reached skill level 12 in Spellcasting
 12265 | D:11     | Found a staircase to the Orcish Mines.
 12304 | D:11     | Reached XP level 12. HP: 76/81 MP: 0/0
 12515 | D:11     | Noticed a two-headed ogre
 12518 | D:11     | Killed a two-headed ogre
 12654 | D:11     | Found the +8 frozen axe "Frostbite" {freezing cloud, *Noise
                  | Fly rC+}
 12699 | D:11     | Noticed a two-headed ogre
 12702 | D:11     | Killed a two-headed ogre
 12849 | D:11     | Found a staircase to the Lair.
 13090 | Lair:1   | Entered Level 1 of the Lair of Beasts
 13880 | Lair:2   | Noticed a five-headed hydra
 13883 | Lair:2   | Killed a five-headed hydra
 13884 | Lair:2   | Reached XP level 13. HP: 87/90 MP: 0/0
 13884 | Lair:2   | Learned a level 5 spell: Lightning Bolt
 13968 | Lair:2   | Noticed an eight-headed hydra
 13971 | Lair:2   | Killed an eight-headed hydra
 14561 | Lair:3   | Found a staircase to the Swamp.
 15914 | Lair:4   | Found a hole to the Spider Nest.
 16232 | Lair:5   | Noticed a six-headed hydra
 16254 | Lair:5   | Killed a six-headed hydra
 16488 | Lair:5   | Reached skill level 10 in Dodging
 16502 | Lair:5   | Reached skill level 13 in Spellcasting
 16601 | Lair:5   | Found a staircase to the Slime Pits.
 16656 | Lair:5   | Reached XP level 14. HP: 95/101 MP: 0/0
 16656 | Lair:5   | Reached ****** piety under Makhleb
 16910 | Lair:6   | Entered Level 6 of the Lair of Beasts
 17035 | Lair:6   | Noticed Sonja
 17073 | Lair:6   | Killed Sonja
 17122 | Lair:6   | Found a hazy altar of Hepliaklqana.
 17696 | Lair:6   | Reached skill level 10 in Evocations
 17908 | Lair:6   | Reached skill level 10 in Fighting
 18572 | Orc:1    | Entered Level 1 of the Orcish Mines
 18647 | Orc:2    | Entered Level 2 of the Orcish Mines
 18651 | Orc:2    | Noticed an orc warlord
 18659 | Orc:2    | Killed an orc warlord
 18740 | Orc:2    | Reached XP level 15. HP: 80/109 MP: 0/0
 18740 | Orc:2    | Learned a level 6 spell: Conjure Ball Lightning
 18818 | Orc:2    | Found Taps's Antique Weapon Shoppe.
 18842 | Orc:2    | Found Xipuew's Assorted Antiques.
 18859 | Orc:2    | Bought a scroll of identify for 56 gold pieces
 18859 | Orc:2    | Bought a scroll of identify for 56 gold pieces
 18859 | Orc:2    | Bought a scroll of identify for 56 gold pieces
 18862 | Orc:2    | Bought a scroll of identify for 56 gold pieces
 18870 | Orc:2    | Found Harirgh's Jewellery Emporium.
 18977 | Orc:2    | Bought a ring of wizardry for 360 gold pieces
 18989 | Orc:2    | Found Corag's General Store.
 18998 | Orc:2    | Bought a scroll of identify for 28 gold pieces
 19188 | Orc:2    | Found a staircase to the Elven Halls.
 19189 | Orc:2    | Found Yhooraf's Antique Armour Shoppe.
 19198 | Orc:2    | Bought an embroidered scarf for 208 gold pieces
 19198 | Orc:2    | Bought a glowing helmet for 195 gold pieces
 19506 | Orc:1    | Found Fetwyi Pytsi's Antique Weapon Shop.
 19517 | Orc:1    | Noticed Erica
 19520 | Orc:1    | Killed Erica
 19841 | D:12     | Noticed Nessos
 19844 | D:12     | Killed Nessos
 19881 | D:12     | Noticed Snorg
 19893 | D:12     | Killed Snorg
 20113 | D:12     | Noticed Jorgrun
 20118 | D:12     | Killed Jorgrun
 20326 | D:12     | Found a snail-covered altar of Cheibriados.
 21103 | D:13     | You are sucked into a shaft and drop 2 floors!
 21103 | D:15     | Entered Level 15 of the Dungeon
 21121 | D:15     | Reached skill level 14 in Spellcasting
 21365 | D:14     | Noticed an ironbound preserver
 21373 | D:14     | Killed an ironbound preserver
 21374 | D:14     | Reached XP level 16. HP: 102/118 MP: 0/0
 21493 | D:14     | Found a gate to the Vaults.
 21622 | D:14     | Found an ornate altar of the Wu Jian Council.
 22754 | D:15     | Found a staircase to the Depths.
 23258 | Swamp:1  | Entered Level 1 of the Swamp
 23849 | Swamp:2  | HP: 3/120 [eleionoma/spray of wooden splinters (46)]
 23850 | Swamp:2  | Slain by an eleionoma

Illustrated notes

Levels and vault maps discovered:
D:1:      nicolae_arrival_memento_mori, layout_loops_ring,
          shapermc_ecumenical_altar_notcrosses, minmay_misc_feat_encased,
          minmay_tree_intersection
D:2:      layout_basic
D:3:      minmay_skewed_foursquare, layout_basic
D:4:      layout_layer_cave, gammafunk_ghost_necromancy, grunt_ministairs_13,
          minivault_5
D:5:      layout_cave_pools, gup_sewer_entry_bowl, serial_bayou_pond_d
D:6:      minmay_angry_zag, layout_loops_ring, minmay_temple_entry_proselytizer,
          nzn_random_ring
D:7:      layout_basic, old_standard_altar
D:8:      layout_basic, enter_bailey_5
D:9:      layout_basic
D:10:     layout_layer_cave, amcnicky_mini_pool_small
D:11:     kb_forest_paths, layout_basic, lair_entry_dummy, orc_0_dummy
D:12:     layout_loops_cross, serial_ice, serial_ice_g, serial_ice_h,
          serial_ice_d, serial_ice_n, slow_altar_1, uniq_nessos, uniq_jorgrun,
          uniq_snorg
D:13:     layout_roguey
D:14:     layout_gridville, skrybe_vaults_entry_preservation,
          pdpol_wu_jian_five_deadly_venoms
D:15:     grunt_enter_depths_snipers, layout_loops_ring, minivault_11
Temple:   kilobyte_greek_temple
Lair:1:   layout_long_grid
Lair:2:   layout_chaotic_city
Lair:3:   layout_gridlike, minmay_swamp_entry_worms, eino_house_with_fridge,
          grunt_megastairs_4
Lair:4:   layout_cave_pods, dummy_spider_entry
Lair:5:   layout_long_grid, slime_dummy, kennysheep_abandoned_house
Lair:6:   evilmike_catoblepas_cave, layout_gridlike, basic_altar,
          grunt_megastairs_3, lemuel_fruit_fields, uniq_sonja
Swamp:1:  layout_basic_swamp, nicolae_swamp_decorative_isthmus, swamp_pool2
Swamp:2:  layout_basic_swamp, evilmike_swamp_ruin_house_1,
          infiniplex_staircase_pool
Orc:1:    layout_caves, basic_altar, serial_shops, nicolae_square_shop,
          uniq_erica
Orc:2:    grunt_orc_gardens, layout_diamond_mine, grunt_orc_garden,
          grunt_orc_garden, grunt_orc_garden, grunt_orc_garden, serial_shops,
          shop

Skill      XL: |  1  2  3  4  5  6  7  8  9 10 11 12 13 14 15 16 |
---------------+-------------------------------------------------+-----
Spellcasting   | 3 4 6 7 8 10 11 12 13 14 | 14.4
Fighting       | 2 5 7 9 10 11 12 | 12.5
Evocations     | 2 5 7 9 10 11 12 | 12.6
Dodging        | 4 6 8 10 11 12 13 | 13.7
Stealth        | |  1.5

Action                   |  1- 3 |  4- 6 |  7- 9 | 10-12 | 13-15 | 16-18 || total
-------------------------+-------+-------+-------+-------+-------+-------++-------
Melee: Mace              |       |       |       |       |     2 |     1 ||     3
 Cast: Foxfire           |    55 |    52 |    65 |    86 |    15 |       ||   273
       Inner Flame       |     1 |    38 |    33 |   116 |   128 |    39 ||   355
       Conjure Flame     |       |       |     4 |     7 |     1 |       ||    12
       Teleport Other    |       |       |     3 |     3 |     7 |     1 ||    14
       Sticky Flame      |       |       |     2 |    18 |    37 |     7 ||    64
       Dispel Undead     |       |       |     1 |    11 |       |       ||    12
       Fireball          |       |       |       |   108 |   340 |    78 ||   526
       Fulminant Prism   |       |       |       |     1 |     8 |       ||     9
       Lightning Bolt    |       |       |       |       |    26 |    40 ||    66
  Use: Scroll            |       |       |     3 |     8 |    12 |     4 ||    27
Armor: Robe              |     4 |     4 |     4 |       |       |       ||    12
       Troll leather arm |       |       |       |    17 |    12 |     8 ||    37
Dodge: Dodged            |     4 |    12 |    22 |    38 |    67 |    16 ||   159
       Repelled          |       |       |       |       |     2 |     1 ||     3
Block: Other             |       |       |       |     4 |    15 |     5 ||    24
       Reflection        |       |       |       |       |     6 |     2 ||     8

Table legend: (Time is in decaauts)
 A = Elapsed time spent in this place.
 B = Non-inter-level travel time spent in this place.
 C = Inter-level travel time spent in this place.
 D = Time resting spent in this place.
 E = Time spent auto-exploring this place.
 F = Levels seen in this place.
 G = Mean time per level.
                   A        B        C        D        E       F      G
               +--------+--------+--------+--------+--------+-----+--------+
         Total |  23858 |  22929 |    929 |   1639 |  17712 |  28 |  852.1 |
       Dungeon |  15309 |  14667 |    642 |    928 |  11510 |  15 | 1020.6 |
        Temple |    294 |    294 |      0 |    215 |     37 |   1 |  294.0 |
          Lair |   5532 |   5272 |    260 |     49 |   4596 |   6 |  922.0 |
         Swamp |    591 |    579 |     12 |      0 |    472 |   2 |  295.5 |
  Orcish Mines |   1219 |   1206 |     13 |     26 |    838 |   2 |  609.5 |
         Sewer |    156 |    156 |      0 |      0 |    114 |   1 |  156.0 |
        Bailey |    753 |    753 |      0 |    421 |    145 |   1 |  753.0 |
               +--------+--------+--------+--------+--------+-----+--------+

Top non-repeatable levels by time:
     D:4: 1903 daAuts
     D:6: 1616 daAuts
  Lair:6: 1570 daAuts
     D:3: 1518 daAuts
    D:10: 1141 daAuts
     D:1: 1074 daAuts
  Lair:3: 973 daAuts
    D:11: 914 daAuts
    D:14: 914 daAuts
    D:12: 913 daAuts
     D:5: 861 daAuts
    D:15: 842 daAuts
     D:2: 823 daAuts
     D:9: 820 daAuts
  Lair:4: 782 daAuts
